Map: Ever Dream LE

Players

Trap - Winner!

  • Race: Protoss Protoss
  • League: Master
  • Spawn Location: 1:00

INnoVation

  • Race: Terran Terran
  • League: Grandmaster
  • Spawn Location: 7:00

Event: DreamHack SC2 Masters 2020 Fall

VOD

http://www.youtube.com/watch?v=7nx9jELrFcg&t=25m58s

Description

Time

  • Played on: Sept. 20, 2020, 9:41 a.m.
  • Length: 15:07

All games in this series

Show
View Real Time Build Order
Export as new Build Order

Trap Protoss - Winner!

Build Orders: 1 Gate Expand, Blink Stalkers, Colossus Rush 

Get SALT Encoding   

  12  0:00  Probe  
  13  0:12  Probe  
  14  0:17  Pylon  
  14  0:24  Probe (Chrono Boost)  
  15  0:36  Gateway, Probe (Chrono Boost)  
  16  0:44  Probe (Chrono Boost)  
  16  0:45  Assimilator  
  17  0:50  Probe  
  18  1:03  Probe  
  19  1:15  Probe  
  20  1:23  Cybernetics Core  
  20  1:31  Nexus  
  20  1:38  Pylon  
  20  1:42  Probe  
  21  1:48  Assimilator  
  21  1:54  Probe  
  22  1:56  Adept (Chrono Boost)  
  22  2:00  Warp Gate  
  24  2:06  Probe  
  25  2:16  Adept (Chrono Boost)  
  25  2:18  Probe  
  28  2:27  Twilight Council  
  28  2:30  Probe  
  29  2:37  Adept (Chrono Boost)  
  29  2:42  Probe  
  31  2:45  Probe  
  32  2:54  Probe  
  32  2:57  Probe  
  34  2:59  Stalker  
  34  3:03  Blink (Chrono Boost)  
  36  3:06  Probe  
  36  3:09  Probe (Chrono Boost)  
  39  3:21  Probe (Chrono Boost)  
  39  3:24  Probe (Chrono Boost)  
  39  3:25  Gateway  
  40  3:29  Probe (Chrono Boost)  
  40  3:30  Robotics Facility  
  40  3:32  Probe (Chrono Boost)  
  42  3:36  Pylon  
  42  3:37  Probe  
  43  3:43  Probe  
  44  3:49  Probe  
  44  3:55  Probe  
  45  4:01  Probe  
  46  4:04  Assimilator, Pylon  
  46  4:06  Assimilator  
  46  4:07  Probe  
  47  4:15  Probe  
  48  4:17  Observer (Chrono Boost)  
  48  4:19  Probe  
  48  4:22  Stalker x2  
  48  4:23  Pylon  
  54  4:27  Probe  
  54  4:28  Robotics Bay  
  56  4:31  Probe  
  56  4:38  Observer (Chrono Boost)  
  56  4:39  Probe  
  56  4:43  Probe  
  59  4:46  Nexus  
  59  4:51  Probe  
  60  4:53  Observer  
  60  4:55  Gateway, Probe  
  60  4:59  Pylon  
  62  5:03  Probe  
  63  5:07  Probe  
  63  5:11  Colossus (Chrono Boost)  
  64  5:17  Extended Thermal Lance  
  64  5:19  Probe x2  
  72  5:23  Charge  
  72  5:31  Forge  
  72  5:33  Probe x2  
  72  5:34  Pylon  
  74  5:46  Probe x2  
  74  5:48  Colossus (Chrono Boost)  
  76  5:54  Sentry  
  76  5:55  Shield Battery  
  84  5:59  Gateway  
  84  6:00  Gateway  
  84  6:01  Sentry  
  84  6:03  Observer, Probe  
  88  6:04  Probe  
  88  6:05  Probe  
  88  6:10  Sentry  
  91  6:14  Shield Battery, Observer  
  91  6:16  Pylon  
  91  6:17  Protoss Ground Weapons Level 1 (Chrono Boost)  
  91  6:21  Pylon  
  91  6:23  Probe x3  
  94  6:27  Stalker  
  94  6:28  Stalker  
  94  6:31  Observer, Pylon  
  98  6:38  Zealot  
  100  6:42  Observer  
  100  6:43  Colossus (Chrono Boost)  
  105  6:49  Gateway  
  105  6:50  Gateway  
  105  6:52  Gateway  
  105  6:56  Zealot x3  
  111  7:02  Stalker x2  
  111  7:06  Pylon  
  115  7:08  Pylon  
  115  7:17  Stalker x2  
  115  7:18  Stalker  
  119  7:23  Immortal (Chrono Boost)  
  119  7:25  Pylon  
  119  7:26  Zealot  
  119  7:27  Zealot  
  125  7:45  Zealot x4  
  131  7:55  Immortal (Chrono Boost)  
  121  7:58  Zealot x2  
  121  7:59  Zealot x2  
  121  8:05  Zealot x2  
  131  8:06  Stalker x2  
  131  8:19  Zealot x4  
  117  8:27  Zealot x2  
  109  8:30  Zealot x2  
  109  8:31  Robotics Facility  
  115  8:38  Zealot x2  
  115  8:39  Zealot  
  115  8:40  Zealot  
  120  8:53  Zealot x3  
  107  8:58  Probe x3  
  107  9:02  Stalker x3  
  85  9:10  Probe  
  85  9:14  Zealot x3  
  86  9:17  Warp Prism (Chrono Boost)  
  86  9:22  Probe x3  
  89  9:27  Sentry x3  
  89  9:31  Robotics Facility  
  89  9:33  Protoss Ground Weapons Level 2 (Chrono Boost)  
  85  9:43  Zealot x3  
  85  9:45  Disruptor (Chrono Boost)  
  94  9:53  Zealot x3  
  94  9:55  Pylon  
  100  10:05  Zealot x3  
  109  10:15  Disruptor (Chrono Boost)  
  109  10:16  Zealot x3  
  109  10:19  Disruptor (Chrono Boost)  
  117  10:29  Zealot x3  
  117  10:34  Stalker  
  125  10:38  Stalker x2  
  125  10:39  Disruptor  
  132  10:48  Disruptor (Chrono Boost)  
  124  11:02  Zealot x4  
  124  11:03  Zealot x3  
  101  11:11  Observer  
  84  11:20  Disruptor (Chrono Boost)  
  84  11:21  Disruptor (Chrono Boost)  
  88  11:27  Zealot, Stalker x3  
  88  11:31  Zealot  
  98  11:35  Zealot x2  
  100  11:41  Shield Battery  
  100  11:45  Shield Battery  
  100  11:50  Stalker x2  
  104  12:02  Stalker x3  
  100  12:20  Zealot  
  100  12:21  Zealot x2  
  92  12:22  Zealot  
Show
View Real Time Build Order
Export as new Build Order

INnoVation Terran 

Build Orders: Reaper Expand 

Get SALT Encoding   

  12  0:00  SCV  
  13  0:12  SCV  
  14  0:17  Supply Depot  
  14  0:24  SCV  
  15  0:38  SCV  
  15  0:40  Barracks  
  16  0:43  Refinery  
  16  0:51  SCV  
  17  1:03  SCV  
  18  1:15  SCV  
  19  1:27  Orbital Command, Reaper  
  20  1:47  Command Center  
  20  1:51  Supply Depot  
  20  1:53  SCV  
  21  1:59  Marine  
  22  2:05  SCV  
  23  2:10  Factory  
  23  2:18  SCV  
  23  2:19  Bunker  
  23  2:21  Barracks Reactor  
  24  2:26  Refinery  
  24  2:30  SCV  
  25  2:43  SCV  
  26  2:55  Hellion, SCV  
  29  2:59  Orbital Command  
  29  3:02  Starport  
  29  3:04  Marine x2  
  31  3:07  SCV  
  32  3:16  Factory Tech Lab  
  32  3:21  SCV  
  32  3:22  Marine x2  
  32  3:25  SCV  
  36  3:35  SCV  
  36  3:38  SCV  
  36  3:39  Barracks  
  36  3:40  Marine x2  
  40  3:47  SCV  
  40  3:48  Factory Tech Lab  
  41  3:50  SCV  
  39  3:57  Marine  
  39  3:58  Marine  
  39  3:59  Raven, SCV  
  39  4:02  SCV  
  44  4:08  Supply Depot  
  44  4:11  SCV, Refinery  
  44  4:14  SCV  
  46  4:17  Supply Depot  
  46  4:29  Siege Tank, SCV x2, Marine x2  
  53  4:32  Barracks  
  53  4:35  Refinery  
  53  4:41  SCV x2  
  53  4:42  Engineering Bay, Supply Depot  
  55  4:46  Stimpack  
  55  4:47  Marine x2  
  55  4:48  Marine  
  57  4:54  SCV  
  58  5:01  Siege Tank  
  58  5:02  SCV  
  58  5:03  Starport Reactor  
  62  5:09  Terran Infantry Weapons Level 1  
  62  5:11  Supply Depot  
  62  5:13  Marine x3  
  66  5:14  SCV  
  66  5:16  SCV  
  66  5:17  Supply Depot  
  66  5:19  Barracks Tech Lab  
  67  5:26  SCV  
  69  5:28  SCV  
  69  5:33  Barracks  
  69  5:34  Barracks  
  69  5:36  Siege Tank  
  69  5:41  SCV x2  
  74  5:44  Combat Shield, Supply Depot  
  74  5:49  Medivac  
  76  5:51  Medivac  
  78  5:57  Marine x2  
  78  6:00  Supply Depot  
  78  6:03  Marauder x2  
  84  6:08  Siege Tank  
  84  6:10  Supply Depot  
  87  6:14  Marine  
  87  6:15  Marine  
  89  6:19  Viking  
  89  6:21  Viking  
  93  6:26  Marauder x2  
  93  6:27  Barracks Tech Lab  
  93  6:28  Barracks Reactor  
  93  6:32  Marine x2  
  97  6:35  Supply Depot  
  99  6:40  Siege Tank  
  99  6:43  Supply Depot  
  104  6:49  Viking  
  104  6:51  Viking  
  106  6:56  Marauder  
  106  6:57  Marauder  
  106  6:58  Marauder  
  106  7:01  Marine x2  
  114  7:06  Supply Depot  
  114  7:08  Terran Infantry Armor Level 1  
  114  7:14  Concussive Shells  
  114  7:16  Marine x2  
  114  7:18  Marine  
  114  7:19  Marine  
  118  7:24  Viking  
  118  7:25  Viking  
  122  7:30  Supply Depot  
  122  7:35  Marauder x2  
  126  7:38  Marauder  
  126  7:42  Marine x4  
  132  7:50  Siege Tank  
  127  8:00  Marauder x3  
  127  8:01  Marine x4  
  127  8:05  Viking  
  139  8:11  Viking  
  129  8:24  Marauder x3  
  126  8:27  Marine x4  
  126  8:28  Siege Tank  
  133  8:40  Medivac  
  133  8:41  Medivac  
  137  8:48  Marauder x2  
  141  8:49  Marauder  
  141  8:53  Marine x4  
  122  9:01  Siege Tank  
  105  9:08  Marine  
  105  9:09  Marine  
  97  9:10  Marine x2  
  93  9:17  Medivac  
  93  9:18  Medivac  
  93  9:22  Marine x3  
  90  9:27  Marauder x2, Marine  
  90  9:34  Siege Tank  
  90  9:35  Marine  
  94  9:40  Marine x3  
  97  9:46  Marauder  
  97  9:48  Viking, Marauder x2  
  105  9:54  Viking  
  105  9:56  Marine  
  105  9:57  Marine  
  105  9:58  Marine x2  
  111  10:07  Marauder  
  111  10:10  Marauder x2  
  111  10:13  Siege Tank  
  120  10:28  Marine x3  
  120  10:29  Marauder, Marine  
  120  10:31  Marauder x2  
  120  10:32  Viking  
  120  10:34  Viking  
  124  10:50  Marauder  
  124  10:52  Marauder x2  
  124  10:55  Marine x3  
  124  10:56  Marine  
  77  11:11  Marauder  
  77  11:13  Marine x2  
  77  11:14  Marauder x2  
  67  11:33  Marine x2  
  69  11:42  Marauder  
  69  11:43  Marine x2  
  71  11:47  Orbital Command  
  71  11:51  Marauder  
  71  11:52  Marine  
  68  12:07  Marine x2  
  57  12:16  Marine  

Tags
 
Add a new tag
Caveats
  • Supply blocks, unpowered buildings, or Contaminate may cause inaccurate times.
  • Supply counts are checked every 10 seconds.